 Dungeon Crawl Stone Soup version 0.21-a0-509-gecc5317 (webtiles) character file.

419 tidbits the Digger (level 6, -4/44 HPs)
             Began as a Gnoll Earth Elementalist on Nov 30, 2017.
             Shot with an arrow by a centaur (9 damage)
             ... on level 3 of the Dungeon.
             The game lasted 00:07:04 (775 turns).

tidbits the Digger (Gnoll Earth Elementalist)        Turns: 775, Time: 00:07:05

Health: -4/44      AC:  2    Str:  7 (10) XL:     6   Next: 93%
Magic:  1/14       EV: 15    Int: 16 (19) God:
Gold:   48         SH:  0    Dex: 14 (16) Spells: 9/15 levels left

rFire    . . .     SeeInvis .   a - +2 dagger (venom)
rCold    . . .     Gourm    .   (no shield)
rNeg     . . .     Faith    .   c - +0 robe
rPois    .         Spirit   .   (no helmet)
rElec    .         Reflect  .   (no cloak)
rCorr    .         Harm     .   (no gloves)
MR       .....                  (no boots)
Stlth    +++.......             (no amulet)
HPRegen  0.14/turn              (no ring)
MPRegen  0.14/turn              (no ring)

@: no status effects
A: distributed training, fangs 1, strong nose
a: no special abilities


You were on level 3 of the Dungeon.
You were not hungry.

You visited 1 branch of the dungeon, and saw 4 of its levels.

You collected 48 gold pieces.

Inventory:

Hand Weapons
 a - a +2 dagger of venom (weapon)
   (You took it off a kobold on level 3 of the Dungeon)
 o - a +0 hunting sling
 r - a +0 dagger
Missiles
 b - 7 stones (quivered)
 i - 6 needles of sleeping
 j - 14 curare-tipped needles
 p - 20 arrows
 u - 3 javelins
Armour
 c - a +0 robe (worn)
 q - a +0 pair of gloves
Scrolls
 f - 2 scrolls of fog
 h - a scroll of enchant armour {unknown}
 k - 3 scrolls of remove curse {unknown}
 m - a scroll of identify {unknown}
 s - a scroll of random uselessness {unknown}
 t - a scroll of blinking {unknown}
Potions
 g - a potion of haste
Books
 e - a book of Geomancy

   Spells                             Type                      Level
   a - Sandblast                      Earth                        1
   b - Passwall                       Transmutation/Earth          2
   c - Stone Arrow                    Conjuration/Earth            3
   d - Petrify                        Transmutation/Earth          4
   e - Lee's Rapid Deconstruction     Earth                        5
Comestibles
 d - a bread ration
 n - 2 royal jellies


   Skills:
 + Level 2.1 Fighting
 + Level 2.1 Short Blades
 + Level 2.1 Long Blades
 + Level 2.1 Axes
 + Level 2.1 Maces & Flails
 + Level 2.1 Polearms
 + Level 2.1 Staves
 + Level 2.1 Slings
 + Level 2.1 Bows
 + Level 2.1 Crossbows
 + Level 2.1 Throwing
 + Level 2.1 Armour
 + Level 5.0 Dodging
 + Level 4.7 Stealth
 + Level 2.1 Shields
 + Level 2.1 Unarmed Combat
 + Level 5.4 Spellcasting
 + Level 1.7 Conjurations
 + Level 1.7 Hexes
 + Level 1.7 Charms
 + Level 1.7 Summonings
 + Level 1.7 Necromancy
 + Level 1.7 Translocations
 + Level 2.7 Transmutations
 + Level 1.7 Fire Magic
 + Level 1.7 Ice Magic
 + Level 1.7 Air Magic
 + Level 5.7 Earth Magic
 + Level 1.7 Poison Magic
 + Level 2.3 Invocations
 + Level 2.1 Evocations


You had 9 spell levels left.
You knew the following spells:

 Your Spells              Type           Power        Failure   Level  Hunger
a - Sandblast             Erth           ###...       1%          1    None
w - Passwall              Tmut/Erth      ###.......   3%          2    #......
z - Stone Arrow           Conj/Erth      ###...       10%         3    ###....


Dungeon Overview and Level Annotations

Branches:
Dungeon (4/15)
 Temple: D:4-7

Altars:
Yredelemnul
The Shining One


Innate Abilities, Weirdness & Mutations

Your experience applies equally to all skills.
You have very sharp teeth.
Your uncanny sense of smell can sniff out nearby items.


Message History

You kill the adder!
b - 13 stones You feel sick.
The bullfrog barely misses you.
You barely miss the bullfrog.
The bullfrog is severely wounded.
The bullfrog releases a deep croak.
The bullfrog hits you.
* * * LOW HITPOINT WARNING * * *
Casting: Sandblast
Confirm with . or Enter, or press ? or * to list all spells.
Aiming: Sandblast
Press: ? - help, Shift-Dir - straight line, f/p - bullfrog
Aim: a bullfrog (severely wounded)
The blast of sand hits the bullfrog.
The bullfrog is almost dead.
b - 12 stones The bullfrog hits you.
* * * LOW HITPOINT WARNING * * *
The bullfrog hits you.
* * * LOW HITPOINT WARNING * * *
Casting: Sandblast
Confirm with . or Enter, or press ? or * to list all spells.
You don't have enough magic to cast that spell.
You hit the bullfrog.
You kill the bullfrog!
You feel sick.
You hit the rat.
You kill the rat!
You feel sick.
You feel sick.
You see here 3 javelins.
u - 3 javelins
Casting: Sandblast
Confirm with . or Enter, or press ? or * to list all spells.
Aiming: Sandblast
Press: ? - help, Shift-Dir - straight line, f - adder
Aim: an adder (hasn't noticed you)
The blast of sand hits the adder.
The adder is severely wounded.
The adder hisses angrily.
b - 11 stones You feel sick.
You are no longer poisoned.
The adder bites you.
* * * LOW HITPOINT WARNING * * *
You hit the adder but do no damage.
The adder is poisoned.
You bite the adder, but do no damage.
The adder is severely wounded.
The adder bites you.
* * * LOW HITPOINT WARNING * * *
Casting: Sandblast
Confirm with . or Enter, or press ? or * to list all spells.
Aiming: Sandblast
Press: ? - help, Shift-Dir - straight line, f/p - adder
Aim: an adder (severely wounded, poisoned)
The blast of sand hits the adder.
You kill the adder!
b - 10 stones
Found a basalt altar of Yredelemnul.
Things that are here:
a dagger; a goblin corpse A quokka comes into view.
A kobold comes into view.
It is wielding a short sword of protection.
The kobold throws a stone.
The stone hits you but does no damage.
You see here a stone.
The kobold throws a stone.
The stone misses you.
You see here a stone.
Casting: Sandblast
Confirm with . or Enter, or press ? or * to list all spells.
Aiming: Sandblast
Press: ? - help, Shift-Dir - straight line, f - kobold
Aim: a kobold, wielding a short sword of protection The blast of sand hits the kobold.
You kill the kobold!
b - 9 stones You hear a shout!
Casting: Sandblast
Confirm with . or Enter, or press ? or * to list all spells.
Aiming: Sandblast
Press: ? - help, Shift-Dir - straight line, f - quokka
Aim: a quokka The blast of sand hits the quokka.
You kill the quokka!
b - 8 stones The centaur wields a shortbow.
The centaur shoots an arrow.
The arrow misses you.
A centaur comes into view. It is wielding a shortbow.
Casting: Sandblast
Confirm with . or Enter, or press ? or * to list all spells.
Aiming: Sandblast
Press: ? - help, Shift-Dir - straight line, f - centaur
Aim: a centaur, wielding a shortbow The blast of sand hits the centaur.
b - 7 stones The centaur shoots an arrow.
The arrow barely misses you.
It was a potion of degeneration.
There was something very wrong with that liquid.
You feel weakened.
You feel dopey.
You feel clumsy.
The centaur shoots an arrow.
The arrow hits you!
You die...

## ## ..# ∆ #.#
#.# #.# #.#
########.###
#.†.@(.....#
#...c######.###
... . ##...## .
# #.##.....##.#
#.#.......#.#
#....._.....###
###.......#...#
#.#.
##.....##.#.#
#... ##...##...
.#


You could see a centaur.

Vanquished Creatures
  2 ogres (D:4)
  The ghost of no0bjke the Chopper, an amateur GrFi (D:3)
  A bullfrog (D:3)
  An iguana (D:4)
  4 adders
  An ooze (D:2)
  2 dart slugs
  A leopard gecko (D:1)
  5 bats
  6 goblins
  8 hobgoblins
  3 jackals (D:2)
  2 quokkas
  2 frilled lizards
  4 kobolds
  10 rats
53 creatures vanquished.

Notes
Turn   | Place    | Note
-------+----------+-------------------------------------------
     0 | D:1      | tidbits the Gnoll Earth Elementalist began the quest for the Orb.
     0 | D:1      | Reached XP level 1. HP: 13/13 MP: 6/6
    44 | D:1      | Reached skill level 2 in Transmutations
    48 | D:1      | Reached XP level 2. HP: 18/19 MP: 2/7
   170 | D:2      | Reached XP level 3. HP: 23/25 MP: 7/9
   174 | D:2      | Learned a level 2 spell: Passwall
   178 | D:2      | Learned a level 3 spell: Stone Arrow
   183 | D:2      | Reached skill level 5 in Spellcasting
   308 | D:2      | Reached skill level 1 in Invocations
   447 | D:4      | Reached skill level 1 in Fighting
   447 | D:4      | Reached skill level 1 in Short Blades
   447 | D:4      | Reached skill level 1 in Long Blades
   447 | D:4      | Reached skill level 1 in Axes
   447 | D:4      | Reached skill level 1 in Maces & Flails
   447 | D:4      | Reached skill level 1 in Polearms
   447 | D:4      | Reached skill level 1 in Staves
   447 | D:4      | Reached skill level 1 in Slings
   447 | D:4      | Reached skill level 1 in Bows
   447 | D:4      | Reached skill level 1 in Crossbows
   447 | D:4      | Reached skill level 1 in Throwing
   447 | D:4      | Reached skill level 1 in Armour
   447 | D:4      | Reached skill level 1 in Shields
   447 | D:4      | Reached skill level 1 in Unarmed Combat
   447 | D:4      | Reached skill level 1 in Evocations
   447 | D:4      | Reached XP level 4. HP: 30/32 MP: 11/11
   451 | D:4      | Found a glowing golden altar of the Shining One.
   562 | D:4      | Noticed an ogre
   571 | D:4      | Killed an ogre
   571 | D:4      | Reached skill level 1 in Conjurations
   571 | D:4      | Reached skill level 1 in Hexes
   571 | D:4      | Reached skill level 1 in Charms
   571 | D:4      | Reached skill level 1 in Summonings
   571 | D:4      | Reached skill level 1 in Necromancy
   571 | D:4      | Reached skill level 1 in Translocations
   571 | D:4      | Reached skill level 1 in Fire Magic
   571 | D:4      | Reached skill level 1 in Ice Magic
   571 | D:4      | Reached skill level 1 in Air Magic
   571 | D:4      | Reached skill level 1 in Poison Magic
   571 | D:4      | Reached XP level 5. HP: 37/37 MP: 7/12
   616 | D:4      | Noticed an ogre
   620 | D:4      | Killed an ogre
   620 | D:4      | Reached skill level 2 in Invocations
   620 | D:4      | Reached XP level 6. HP: 44/44 MP: 7/13
   622 | D:3      | Noticed no0bjke's ghost (amateur GrFi)
   709 | D:3      | Killed no0bjke's ghost
   709 | D:3      | Reached skill level 2 in Fighting
   709 | D:3      | Reached skill level 2 in Short Blades
   709 | D:3      | Reached skill level 2 in Long Blades
   709 | D:3      | Reached skill level 2 in Axes
   709 | D:3      | Reached skill level 2 in Maces & Flails
   709 | D:3      | Reached skill level 2 in Polearms
   709 | D:3      | Reached skill level 2 in Staves
   709 | D:3      | Reached skill level 2 in Slings
   709 | D:3      | Reached skill level 2 in Bows
   709 | D:3      | Reached skill level 2 in Crossbows
   709 | D:3      | Reached skill level 2 in Throwing
   709 | D:3      | Reached skill level 2 in Armour
   709 | D:3      | Reached skill level 5 in Dodging
   709 | D:3      | Reached skill level 2 in Shields
   709 | D:3      | Reached skill level 2 in Unarmed Combat
   709 | D:3      | Reached skill level 2 in Evocations
   751 | D:3      | HP: 2/44 [adder (3)]
   757 | D:3      | Found a basalt altar of Yredelemnul.
   775 | D:3      | Shot with an arrow by a centaur

Vault maps used:
D:1:      minmay_arrival_jagged
D:2:      trog_three_pillars_becter
D:3:      lemuel_round_altar, nicolae_ru_the_path_less_chosen, first_bread,
          st_stairs_8, saegor_snake_ambush
D:4:      tso_metal_star

Skill      XL: |  1  2  3  4  5  6 |
---------------+-------------------+-----
Transmutations | 2 |  2.7
Spellcasting   | 5 |  5.4
Invocations    | 1 2 |  2.3
Fighting       | 1 2 |  2.1
Short Blades   | 1 2 |  2.1
Long Blades    | 1 2 |  2.1
Axes           | 1 2 |  2.1
Maces & Flails | 1 2 |  2.1
Polearms       | 1 2 |  2.1
Staves         | 1 2 |  2.1
Slings         | 1 2 |  2.1
Bows           | 1 2 |  2.1
Crossbows      | 1 2 |  2.1
Throwing       | 1 2 |  2.1
Armour         | 1 2 |  2.1
Shields        | 1 2 |  2.1
Unarmed Combat | 1 2 |  2.1
Evocations     | 1 2 |  2.1
Conjurations   | 1 |  1.7
Hexes          | 1 |  1.7
Charms         | 1 |  1.7
Summonings     | 1 |  1.7
Necromancy     | 1 |  1.7
Translocations | 1 |  1.7
Fire Magic     | 1 |  1.7
Ice Magic      | 1 |  1.7
Air Magic      | 1 |  1.7
Poison Magic   | 1 |  1.7
Dodging        | 5 |  5.0
Stealth        | |  4.7
Earth Magic    | |  5.7

Action                   |  1- 3 |  4- 6 || total
-------------------------+-------+-------++-------
Melee: Dagger            |    39 |    10 ||    49
       Bite              |     4 |     1 ||     5
       Punch             |       |     1 ||     1
 Cast: Sandblast         |    30 |    31 ||    61
       Passwall          |       |     2 ||     2
       Stone Arrow       |       |     1 ||     1
  Use: Scroll            |     1 |       ||     1
       Potion            |       |     2 ||     2
 Stab: Sleeping          |     7 |     1 ||     8
Armor: Robe              |     8 |     3 ||    11
Dodge: Dodged            |    22 |    21 ||    43

Table legend:
 A = Spawn XP
 B = Non-spawn XP
 C = Spawn XP percentage of total XP
 D = Spawn monster count
 E = Non-spawn monster count
 F = Spawn count percentage of total count
 G = Total turns spent on level
                    A         B        C        D         E        F      G
               +---------+---------+-------+---------+---------+-------+---------
         Total |       0 |     599 |   0.0 |       0 |      53 |   0.0 |   775
               +---------+---------+-------+---------+---------+-------+---------
           D:1 |       0 |      31 |   0.0 |       0 |      19 |   0.0 |   148
           D:2 |       0 |      27 |   0.0 |       0 |      13 |   0.0 |   166
           D:3 |       0 |     247 |   0.0 |       0 |      16 |   0.0 |   341
           D:4 |       0 |     294 |   0.0 |       0 |       5 |   0.0 |   120
               +---------+---------+-------+---------+---------+-------+---------

Table legend:
 A = Turns spent in this place as a percentage of turns spent in the entire game.
 B = Non-inter-level travel turns spent in this place as a percentage of non-inter-level travel turns spent in the entire game.
 C = Inter-level travel turns spent in this place as a percentage of turns spent in this place.
 D = Turns resting spent in this place as a percentage of non-inter-level travel turns spent in this place.
 E = Turns spent auto-exploring this place as a percentage of non-inter-level travel turns spent in this place.
 F = Non-inter-level travel turns spent in this place divided by the number of levels of this place that you've seen.
                   A       B       C       D       E      F
               +-------+-------+-------+-------+-------+----------------------
         Total | 100.0 | 100.0 |   0.0 |   0.0 |   0.0 | 193.8
       Dungeon | 100.0 | 100.0 |   0.0 |   0.0 |   0.0 | 193.8
               +-------+-------+-------+-------+-------+----------------------

Table legend:
 A = Kills in this place as a percentage of kills in entire the game.
 B = Kills by you in this place as a percentage of kills by you in the entire game.
 C = Kills by friends in this place as a percentage of kills by friends in the entire game.
 D = Other kills in this place as a percentage of other kills in the entire game.
 E = Experience gained in this place as a percentage of experience gained in the entire game.
 F = Experience gained in this place divided by the number of levels of this place that you have seen.
                   A       B       C       D       E      F
               +-------+-------+-------+-------+-------+----------------------
         Total | 100.0 | 100.0 |   N/A |   N/A | 100.0 | 149.8
       Dungeon | 100.0 | 100.0 |   N/A |   N/A | 100.0 | 149.8
               +-------+-------+-------+-------+-------+----------------------

Vault maps used:
D:1:      minmay_arrival_jagged
D:2:      trog_three_pillars_becter
D:3:      lemuel_round_altar, nicolae_ru_the_path_less_chosen, first_bread,
          st_stairs_8, saegor_snake_ambush
D:4:      tso_metal_star
